 Dungeon Crawl Stone Soup version 0.23.2-40-g277498a001 (webtiles) character file.

Game seed: 8505605043787484293

5266 MalarOregon the Arsonist (level 10, -3/71 HPs)
             Began as a Black Draconian Fire Elementalist on Sept 7, 2019.
             Slain by an unseen horror (4 damage)
             ... on level 8 of the Dungeon on Sept 8, 2019.
             The game lasted 00:20:45 (9803 turns).

MalarOregon the Arsonist (DrFE)                     Turns: 9803, Time: 00:20:46

Health: -3/71      AC:  8    Str: 10    XL:     10   Next: 36%
Magic:  4/19       EV: 12    Int: 19    God:
Gold:   424        SH:  5    Dex: 12    Spells: 11/21 levels left

rFire    . . .     SeeInvis .   D - +1 dagger (elec)
rCold    . . .     Gourm    .   q - +0 buckler
rNeg     . . .     Faith    .   (armour unavailable)
rPois    .         Spirit   .   (helmet restricted)
rElec    +         Reflect  .   y - +0 cloak
rCorr    .         Harm     .   (no gloves)
MR       .....                  (no boots)
Stlth    ++........             (no amulet)
HPRegen  0.21/turn              (no ring)
MPRegen  0.16/turn              (no ring)

@: short of breath
A: breathe lightning, unfitting armour, electricity resistance, cold-blooded, AC
+7
a: Breathe Lightning


You were on level 8 of the Dungeon.
You were hungry.

You visited 1 branch of the dungeon, and saw 9 of its levels.

You collected 424 gold pieces.

Inventory:

Hand Weapons
 f - a +2 mace of venom
   (You found it on level 2 of the Dungeon)
 n - a +1 whip of freezing
   (You took it off Pikel on level 2 of the Dungeon)
 o - a +1 dagger of draining
   (You took it off a goblin on level 2 of the Dungeon)
 w - a +2 mace of holy wrath
   (You found it on level 3 of the Dungeon)
 B - a +0 vampiric rapier {!w}
   (You took it off Eustachio on level 4 of the Dungeon)
 D - a +1 dagger of electrocution (weapon)
   (You took it off an orc on level 7 of the Dungeon)
Armour
 q - a +0 buckler (worn)
   (You found it on level 4 of the Dungeon)
 y - a +0 cloak (worn)
   (You took it off Crazy Yiuf on level 3 of the Dungeon)
 z - a +2 cloak
   (You found it on level 4 of the Dungeon)
Jewellery
 c - an uncursed amulet of the gourmand {unknown}
   (You found it on level 1 of the Dungeon)
 i - a +1 ring of protection {unknown}
   (You found it on level 2 of the Dungeon)
Wands
 t - a wand of flame (22)
   (You found it on level 9 of the Dungeon)
 v - a wand of digging (1)
   (You took it off Robin on level 4 of the Dungeon)
Scrolls
 a - 7 scrolls of teleportation {unknown}
 b - 3 scrolls of noise {unknown}
 d - a scroll of amnesia {unknown}
 g - 8 scrolls of remove curse {unknown}
 h - 3 scrolls of immolation {unknown}
 j - 7 scrolls of identify {unknown}
 k - a scroll of enchant weapon {unknown}
 l - 2 scrolls of fear {unknown}
 p - 3 scrolls of blinking {unknown}
 r - a scroll of fog {unknown}
 s - 2 scrolls of magic mapping {unknown}
Potions
 m - 3 potions of agility
 u - a potion of invisibility
 x - a potion of magic {unknown}
 A - a potion of haste {unknown}
 C - a potion of might
 E - 2 potions of heal wounds {unknown}
Comestibles
 e - 9 rations {!d}


   Skills:
 - Level 1.0 Fighting
 - Level 2.0 Dodging
 - Level 2.0 Stealth
 - Level 4.0 Shields
 + Level 6.3 Spellcasting
 * Level 9.4 Conjurations
 * Level 9.9 Fire Magic


You had 11 spell levels left.
You knew the following spells:

 Your Spells              Type           Power        Failure   Level  Hunger
a - Flame Tongue          Conj/Fire      #####        1%          1    None
q - Sticky Flame          Conj/Fire      #####...     1%          4    ####...
x - Fireball              Conj/Fire      #####.....   6%          5    #####..

Your spell library contained the following spells:

 Spells                   Type           Power        Failure   Level  Hunger
 Magic Dart               Conj           ####         1%          1    None
 Throw Flame              Conj/Fire      #####.       1%          2    None
 Conjure Flame            Conj/Fire      #####...     1%          3    ##.....
 Inner Flame              Hex/Fire       ###.....     4%          3    ##.....
 Mephitic Cloud           Conj/Pois/Air  ###.....     9%          3    ##.....
 Confusing Touch          Hex            #.....       11%         1    None
 Blink                    Tloc           N/A          17%         2    None
 Call Imp                 Summ           #.......     17%         2    None
 Slow                     Hex            #.......     17%         2    None
 Confuse                  Hex            #.......     32%         3    ##.....
 Gell's Gravitas          Tloc           #.........   32%         3    ##.....
 Petrify                  Tmut/Erth      #.......     73%         4    ####...
 Metabolic Englaciation   Hex/Ice        #.........   97%         5    #####..
 Yara's Violent Unravell  Hex/Tmut       #.........   97%         5    #####..


Dungeon Overview and Level Annotations

Branches:
Dungeon (9/15)
 Temple: D:4-7         Lair: D:8-11         Orc: D:9-12

Altars:
Cheibriados
Nemelex Xobeh
Okawaru
Ru
Sif Muna
Wu Jian
Zin

Annotations:
D:8 2 runed translucent doors


Innate Abilities, Weirdness & Mutations

You can breathe wild blasts of lightning.
Your glossy black scales are hard. (AC +7)
You cannot fit into any form of body armour.
You are resistant to electric shocks. (rElec)
You are cold-blooded and may be slowed by cold attacks.


Message History

You kill the bullfrog!
The orb of electricity engulfs the orc!
You kill the orc!
The orb of electricity engulfs the big kobold!!
The orb of electricity engulfs the scorpion!
You hear a mighty clap of thunder!
You feel somewhat more hungry. The wyvern bites you!
Unknown command.
The flame tongue hits the wyvern.
The wyvern bites you. The wyvern bites you!
* * * LOW HITPOINT WARNING * * *
Okay, then.
Aim: a wyvern (heavily wounded)
The sticky flame hits the wyvern but does no damage.
The wyvern is covered in liquid flames!
You are feeling hungry.
The wyvern burns!
The wyvern completely misses you.
Unknown command.
The wyvern burns!
The wyvern bites you!
* * * LOW HITPOINT WARNING * * *
There is an open door, spattered with blood here.
Aim: a wyvern (severely wounded, covered in liquid flames)
The sticky flame hits the wyvern.
The wyvern is covered in liquid flames!
The wyvern burns!
You kill the wyvern!
Unknown command.
Aim: a big kobold, wielding a +0 short sword (almost dead)
The sticky flame hits the big kobold.
You kill the big kobold!
You close the door.
There's nothing to close nearby.
There's nothing to close nearby.
You start resting.
The troll is too close now for your liking.
Aim: a troll The sticky flame hits the troll.
The troll is covered in liquid flames!
The troll burns!
You block the troll's attack. The troll claws you.
* * * LOW HITPOINT WARNING * * *
You block the troll's attack.
The troll burns!
The troll burns!
The troll burns!
The troll burns!
The troll burns!
The troll burns!
The troll burns!
Something hits you!
* * * LOW HITPOINT WARNING * * *
Deactivating autopickup; reactivate with Ctrl-A.
Something hits you.
You die...

#.##s......#.......#
#.
#.##.#'###........###
. #.####
#.##Z##)####.....## #
.###....# #.##.###l#
###...#### ........#
#.#.l###Z#######....#
........#
#.#..###)s..## ####..
........#
#.#.T###.s..+... ###
.......>#
#.#..###....#### #
.#.#..<.#
#.#.@###+#####
......###
#.#..###.#####
.#.#..# #.#..# .##
.....## ##.#..#
###..# #.....# #.##
#.....# #..# #.....#
##.# #.....# ##.##
##.....#


You could see a troll (burning), a water moccasin zombie and a leopard gecko.

Vanquished Creatures
  An unseen horror (D:7)
  Pikel (D:2)
  7 yaks
  A wyvern (D:8)
  Eustachio (D:4)
  2 hungry ghosts
  A water moccasin (D:5)
  An ice beast (D:9)
  3 orc warriors
  3 slaves (D:3)
  2 sky beasts
  3 ogres
  3 centaurs
  A big kobold (D:8)
  4 bullfrogs
  3 scorpions
  8 wights
  A centaur zombie (D:7)
  Crazy Yiuf (D:3)
  A hound (D:5)
  A jelly (D:6)
  An orc priest (D:4)
  5 orc wizards
  2 iguanas
  Jessica (D:5)
  10 worker ants
  A hound skeleton (D:9)
  Robin (D:4)
  A worker ant zombie (D:7)
  A howler monkey skeleton (D:9)
  6 adders
  A shadow imp (D:5)
  An ooze (D:4)
  An adder skeleton (D:4)
  3 worms
  5 dart slugs
  3 leopard geckos
  26 orcs
  2 giant cockroaches
  15 goblins
  9 hobgoblins
  5 jackals
  6 quokkas
  8 bats
  3 frilled lizards
  7 kobolds
  2 leopard gecko zombies
  2 quokka zombies
  11 rats
188 creatures vanquished.

Notes
Turn   | Place    | Note
-------+----------+-------------------------------------------
     0 | D:1      | MalarOregon the Draconian Fire Elementalist began the quest
                  | for the Orb.
     0 | D:1      | Reached XP level 1. HP: 14/14 MP: 3/3
   826 | D:1      | Reached XP level 2. HP: 22/22 MP: 0/5
  1233 | D:2      | Reached XP level 3. HP: 9/27 MP: 2/6
  1539 | D:2      | Reached skill level 1 in Fighting
  1763 | D:2      | Reached XP level 4. HP: 31/35 MP: 7/7
  2323 | D:3      | Found a runed translucent door.
  2324 | D:3      | Noticed Crazy Yiuf
  2394 | D:3      | Reached XP level 5. HP: 40/40 MP: 0/9
  2473 | D:3      | Found an ornate altar of the Wu Jian Council.
  2612 | D:3      | Found a snail-covered altar of Cheibriados.
  2876 | D:3      | Killed Crazy Yiuf
  3166 | D:4      | Noticed an ogre
  3194 | D:4      | Killed an ogre
  3194 | D:4      | Reached XP level 6. HP: 23/47 MP: 7/10
  3460 | D:4      | Reached skill level 5 in Fire Magic
  3926 | D:4      | Noticed a slave
  3927 | D:4      | Noticed a slave
  3929 | D:4      | Noticed Pikel
  3929 | D:4      | Noticed a slave
  3941 | D:3      | Killed a slave
  4037 | D:3      | Killed a slave
  4040 | D:4      | Noticed a slave
  4053 | D:3      | Killed a slave
  4434 | D:2      | HP: 2/47 [Pikel/+1 whip of freezing (1)]
  4441 | D:2      | Killed Pikel
  4441 | D:2      | Reached skill level 5 in Conjurations
  4441 | D:2      | Your scales start taking on a glossy black colour.
  4441 | D:2      | Reached XP level 7. HP: 11/52 MP: 0/12
  4441 | D:2      | Gained mutation: You are resistant to electric shocks.
                  | (rElec) [Black Draconian growth]
  4817 | D:4      | Noticed Robin
  4826 | D:4      | Killed Robin
  5098 | D:5      | Entered Level 5 of the Dungeon
  5098 | D:5      | Noticed Eustachio
  5134 | D:4      | Killed Eustachio
  5134 | D:4      | Reached skill level 1 in Shields
  5134 | D:4      | Reached XP level 8. HP: 49/59 MP: 2/14
  5242 | D:5      | Learned a level 4 spell: Sticky Flame
  5248 | D:5      | Learned a level 5 spell: Fireball
  5353 | D:5      | Noticed Jessica
  5360 | D:5      | Killed Jessica
  5383 | D:5      | Found a deep blue altar of Sif Muna.
  6128 | D:5      | You fall through a shaft for 2 floors!
  6849 | D:7      | Reached XP level 9. HP: 51/64 MP: 16/16
  7024 | D:7      | Noticed an unseen horror
  7025 | D:7      | Reached skill level 5 in Spellcasting
  7029 | D:7      | Killed an unseen horror
  7606 | D:8      | Found a sparkling altar of Nemelex Xobeh.
  7606 | D:8      | Found a glowing silver altar of Zin.
  7848 | D:8      | Found a sacrificial altar of Ru.
  8046 | D:8      | Found a runed translucent door.
  8046 | D:8      | Found a runed translucent door.
  8046 | D:8      | Noticed a troll
  8730 | D:9      | Reached XP level 10. HP: 44/71 MP: 2/18
  9390 | D:9      | Found an iron altar of Okawaru.
  9780 | D:8      | Found a runed translucent door.
  9803 | D:8      | HP: 1/71 [something (12)]
  9803 | D:8      | Slain by an unseen horror

Skill      XL: |  1  2  3  4  5  6  7  8  9 10 |
---------------+-------------------------------+-----
Stealth        | 2 |  2.0
Dodging        | 2 |  2.0
Fighting       | 1 |  1.0
Conjurations   | 2 3 5 7 8 9 |  9.4
Fire Magic     | 4 6 7 9 |  9.9
Spellcasting   | 3 4 5 6 |  6.3
Shields        | 1 2 4 |  4.0

Action                   |  1- 3 |  4- 6 |  7- 9 | 10-12 || total
-------------------------+-------+-------+-------+-------++-------
Melee: Unarmed           |    25 |       |       |       ||    25
       Tailslap          |     9 |    11 |    26 |     5 ||    51
       Dagger            |    74 |    78 |   316 |    25 ||   493
       Mace              |       |    22 |       |       ||    22
 Cast: Flame Tongue      |    36 |    94 |    64 |    10 ||   204
       Sticky Flame      |       |       |    21 |    13 ||    34
       Fireball          |       |       |     4 |       ||     4
 Abil: Breathe Lightning |       |       |     3 |     1 ||     4
Evoke: Wand              |       |       |       |     1 ||     1
  Use: Potion            |       |     7 |     2 |       ||     9
 Stab: Sleeping          |     3 |     1 |     7 |       ||    11
  Eat: Chunk             |     3 |     8 |     9 |     2 ||    22
       Ration            |       |       |     5 |     1 ||     6
Armor: Skin              |    42 |    50 |   107 |     9 ||   208
Dodge: Dodged            |    72 |   109 |   195 |    28 ||   404
Block: Buckler           |       |       |    69 |    10 ||    79
